Map: Invader LE

Players

LiquidTLO (TLO)

  • Race: Zerg Zerg
  • League: Grandmaster

Avokado - Winner!

  • Race: Terran Terran
  • League: Grandmaster

VOD

Have the link to the VOD?

Description

Time

  • Played on: July 6, 2016, 12:05 p.m.
  • Length: 10:03
Show
View Real Time Build Order
Export as new Build Order

LiquidTLO Zerg 

Build Orders: Hatch First 

Get SALT Encoding   

  12  0:01  Drone  
  13  0:12  Overlord  
  13  0:17  Drone  
  14  0:31  Drone x2  
  16  0:39  Drone  
  17  0:55  Drone  
  17  0:56  Hatchery  
  17  0:59  Drone  
  17  1:02  Extractor  
  17  1:15  Spawning Pool  
  17  1:18  Drone  
  17  1:21  Drone  
  18  1:29  Drone  
  19  1:41  Overlord  
  19  1:51  Drone  
  20  2:00  Drone  
  21  2:02  Queen  
  21  2:08  Queen  
  23  2:11  Drone x2  
  27  2:24  Hatchery  
  27  2:29  Zergling x2, Drone  
  28  2:31  Drone  
  28  2:36  Metabolic Boost  
  29  2:41  Extractor  
  29  2:42  Drone  
  29  2:46  Spore Crawler  
  29  2:49  Extractor, Spore Crawler  
  27  2:52  Drone  
  27  2:55  Queen  
  33  3:02  Overlord  
  33  3:05  Drone x2  
  35  3:09  Overlord  
  35  3:13  Drone  
  35  3:15  Extractor x2  
  35  3:16  Drone  
  35  3:17  Drone  
  38  3:21  Drone  
  38  3:25  Overlord  
  38  3:26  Drone  
  40  3:35  Queen  
  40  3:36  Overlord  
  40  3:37  Drone  
  40  3:38  Zergling x2  
  40  3:40  Drone  
  45  3:46  Drone  
  45  3:48  Drone x3  
  49  3:54  Baneling Nest  
  49  3:55  Zergling x4  
  49  3:56  Zergling x2  
  49  3:58  Drone  
  49  4:00  Zergling x2  
  52  4:04  Zergling x4  
  52  4:05  Zergling x2  
  52  4:08  Extractor, Zergling x2  
  52  4:09  Zergling x2  
  54  4:10  Zergling x2  
  54  4:12  Zergling x2  
  56  4:17  Zergling x2  
  56  4:19  Drone  
  56  4:20  Drone  
  56  4:22  Zergling x2  
  56  4:23  Zergling x4  
  61  4:26  Queen  
  61  4:29  Zergling x2  
  63  4:32  Zergling x2  
  63  4:35  Zergling x2  
  63  4:38  Drone  
  63  4:40  Zergling x2  
  63  4:42  Drone  
  63  4:43  Zergling x4, Spore Crawler  
  63  4:44  Zergling x2  
  67  4:46  Drone  
  67  4:47  Drone  
  67  4:49  Drone  
  67  4:52  Drone x2  
  72  4:55  Drone  
  73  5:01  Lair  
  73  5:06  Drone  
  74  5:11  Roach Warren, Overlord  
  74  5:12  Evolution Chamber  
  72  5:14  Overlord  
  72  5:19  Spore Crawler  
  67  5:22  Drone x2  
  67  5:23  Drone  
  67  5:26  Drone  
  67  5:27  Drone  
  69  5:29  Zergling x2  
  69  5:31  Zergling x2  
  68  5:41  Baneling  
  68  5:42  Baneling x5  
  66  5:45  Zergling x2  
  66  5:46  Zergling x2  
  66  5:49  Zergling x2  
  69  5:50  Zergling x2  
  69  5:54  Roach x2  
  69  5:56  Extractor  
  72  6:01  Roach  
  72  6:02  Roach  
  72  6:03  Roach  
  75  6:06  Roach  
  75  6:10  Baneling  
  75  6:11  Baneling x3  
  77  6:12  Drone  
  77  6:18  Extractor  
  77  6:23  Roach  
  77  6:24  Baneling  
  77  6:25  Overlord, Baneling x2  
  79  6:26  Queen  
  81  6:44  Roach  
  81  6:45  Overlord  
  85  6:47  Roach  
  85  6:49  Roach x2  
  88  6:55  Overlord x4  
  88  7:02  Overlord  
  88  7:03  Overlord  
  88  7:08  Overlord  
  88  7:12  Ravager x2  
  88  7:13  Overlord  
  88  7:15  Ravager x2  
  92  7:17  Zergling x2  
  92  7:20  Zergling x2, Spore Crawler  
  88  7:25  Ravager  
  88  7:26  Queen  
  88  7:28  Zergling x2  
  92  7:33  Spore Crawler  
  92  7:35  Spore Crawler  
  88  7:39  Baneling x4  
  88  7:40  Baneling x2  
  87  7:45  Roach  
  87  7:47  Roach  
  87  7:48  Ravager  
  87  7:50  Roach  
  93  7:53  Roach  
  93  7:57  Roach  
  91  8:00  Roach  
  91  8:01  Zergling x2  
  91  8:04  Ravager  
  91  8:05  Zergling x2  
  95  8:11  Roach  
  95  8:12  Zergling x2  
  98  8:15  Zergling x2, Roach  
  98  8:18  Zergling x2  
  99  8:20  Zergling x2  
  99  8:22  Roach  
  99  8:26  Roach  
  101  8:32  Roach x2  
  105  8:35  Roach  
  105  8:39  Roach  
  109  8:42  Roach  
  109  8:43  Overseer  
  111  8:51  Ravager  
  111  8:53  Ravager x2  
  111  8:54  Zergling x6  
  118  8:55  Zergling x2  
  118  8:57  Zergling x2  
  118  8:58  Zergling x2  
  120  9:04  Zergling x2  
  120  9:05  Zergling x2  
  120  9:06  Zergling x2  
  120  9:07  Ravager x2  
  125  9:10  Zergling x2  
  125  9:15  Roach  
  124  9:20  Roach  
  117  9:28  Roach  
  117  9:30  Ravager x2  
  115  9:31  Zergling x2  
  115  9:33  Zergling x2  
  115  9:36  Zergling x2  
  115  9:38  Zergling x2  
  117  9:43  Zergling x2  
  117  9:44  Roach  
Show
View Real Time Build Order
Export as new Build Order

Avokado Terran - Winner!

Build Orders: Liberator Opening, Reaper Expand 

Get SALT Encoding   

  12  0:00  SCV  
  13  0:13  SCV  
  14  0:17  Supply Depot  
  14  0:25  SCV  
  15  0:39  SCV  
  15  0:41  Barracks  
  16  0:44  Refinery  
  16  0:51  SCV  
  17  1:03  SCV  
  18  1:15  SCV  
  19  1:28  Reaper, Orbital Command  
  20  1:39  Command Center  
  20  1:47  Supply Depot  
  20  1:53  SCV  
  21  2:00  Refinery, Marine  
  22  2:11  Factory, SCV  
  23  2:22  Barracks Reactor  
  23  2:24  SCV  
  24  2:36  SCV  
  25  2:48  SCV  
  26  2:54  Orbital Command  
  26  2:57  Starport  
  26  3:00  SCV  
  26  3:05  Hellion x2  
  31  3:08  Barracks Reactor  
  31  3:12  SCV  
  32  3:13  Supply Depot  
  32  3:22  SCV  
  32  3:26  Hellion  
  37  3:27  Hellion, SCV  
  37  3:33  Liberator  
  38  3:34  SCV  
  38  3:38  Liberator  
  38  3:39  SCV  
  38  3:40  Supply Depot  
  40  3:48  Hellion x2, SCV  
  51  3:58  SCV  
  51  4:02  SCV  
  53  4:04  Supply Depot  
  53  4:09  Hellion  
  55  4:10  Hellion  
  55  4:13  SCV  
  58  4:20  SCV, Armory  
  59  4:25  SCV  
  59  4:26  Supply Depot  
  59  4:28  Liberator  
  60  4:32  SCV  
  56  4:39  Hellion x2  
  56  4:44  Barracks Tech Lab, SCV  
  60  5:00  SCV x2  
  60  5:01  Hellion x2  
  60  5:05  Supply Depot  
  66  5:09  Liberator  
  66  5:10  Supply Depot  
  66  5:13  SCV  
  66  5:14  SCV  
  68  5:17  Command Center  
  68  5:18  Liberator  
  68  5:25  SCV  
  68  5:28  SCV  
  73  5:34  Hellion x2  
  77  5:38  SCV  
  77  5:40  Marine  
  79  5:42  Refinery  
  79  5:43  Refinery  
  79  5:44  Engineering Bay  
  79  5:47  Engineering Bay, SCV  
  80  5:55  Liberator  
  80  5:57  Marine, Hellion x2  
  84  6:04  Liberator  
  79  6:08  SCV x2  
  81  6:18  Hellion x2, Barracks  
  88  6:19  Barracks  
  91  6:29  Orbital Command  
  91  6:30  Marine  
  91  6:31  SCV  
  93  6:38  SCV  
  96  6:43  Terran Infantry Weapons Level 1, Terran Infantry Armor Level 1, SCV  
  89  6:50  SCV  
  89  6:52  Factory Tech Lab  
  83  6:55  SCV  
  83  6:56  Barracks  
  83  6:57  Medivac  
  83  6:58  Barracks  
  87  7:02  SCV  
  87  7:03  Medivac  
  87  7:07  SCV  
  91  7:14  Marine, SCV  
  92  7:16  Barracks Reactor  
  92  7:17  Barracks Reactor, Orbital Command  
  92  7:18  Stimpack  
  92  7:20  SCV  
  93  7:26  SCV  
  93  7:27  Bunker  
  92  7:32  Marine, Siege Tank  
  95  7:38  SCV  
  90  7:46  Marine x2  
  90  7:49  SCV  
  90  7:50  Marine  
  76  8:16  Supply Depot, Marine x2  
  76  8:17  Supply Depot, Marauder  
  77  8:32  Supply Depot  
  77  8:37  Marine x2  
  77  8:38  Marine x3, Siege Tank  
  77  8:39  Marauder  
  85  8:43  Supply Depot  
  85  8:44  Supply Depot x2  
  85  8:50  Marine  
  85  8:53  SCV  
  85  8:54  Supply Depot  
  85  8:55  Marine  
  87  8:56  Supply Depot, Marine  
  87  8:57  SCV  
  87  9:00  Marauder  
  91  9:05  Marine, SCV  
  91  9:06  Marine x2  
  91  9:10  Medivac x2, Siege Tank  
  91  9:12  SCV  
  91  9:15  Supply Depot  
  99  9:17  SCV  
  99  9:21  Marauder  
  92  9:29  Marine  
  92  9:30  Marine x5  
Tags
 
Add a new tag
Caveats
  • Supply blocks, unpowered buildings, or Contaminate may cause inaccurate times.
  • Supply counts are checked every 10 seconds.